 Dungeon Crawl Stone Soup version 0.28-a0-1227-ga9037bb (webtiles) character file.

Game seed: 15091325773107462617

114 Remcycle the Chopper (level 5, -2/41 HPs)
             Began as a Formicid Fighter on Dec 22, 2021.
             Slain by Crazy Yiuf (4 damage)
             ... on level 2 of the Dungeon.
             The game lasted 00:03:17 (1882 turns).

Remcycle the Chopper (Formicid Fighter)             Turns: 1882, Time: 00:03:20

Health: -2/41      AC:  6    Str: 23    XL:     5   Next: 19%
Magic:  5/5        EV:  9    Int:  7    God:
Gold:   70         SH:  4    Dex: 10    Spells: 4/4 levels left

rFire   + . .      SeeInvis +   a - +0 war axe
rCold   . . .      Faith    .   c - +0 buckler
rNeg    . . .      Spirit   .   b - +0 scale mail
rPois   .          Reflect  .   (helmet unavailable)
rElec   .          Harm     .   (no cloak)
rCorr   .          Rampage  .   (no gloves)
Will    .....                   (no boots)
Stlth   ..........              (no amulet)
HPRegen 0.13/turn               n - ring of protection from fire
MPRegen 0.09/turn               (no ring)

@: no status effects
A: permanent stasis, dig shafts and tunnels, antennae 3, four strong arms
a: Dig, Shaft Self


You were on level 2 of the Dungeon.
You visited 1 branch of the dungeon, and saw 2 of its levels.

You collected 70 gold pieces.

Inventory:

Hand Weapons
 a - a +0 war axe (weapon)
Armour
 b - a +0 scale mail (worn)
 c - a +0 buckler (worn)
Jewellery
 n - a ring of protection from fire (left hand)
Scrolls
 i - a scroll of identify {unknown}
 l - a scroll of enchant weapon {unknown}
 o - a scroll of enchant armour {unknown}
Potions
 d - a potion of might
 e - 3 potions of haste {unknown}
 f - a potion of mutation {unknown}
 g - a potion of lignification {unknown}
 h - a potion of flight {unknown}
 j - 6 potions of heal wounds {unknown}
 k - a potion of brilliance {unknown}
 m - 2 potions of berserk rage {unknown}


   Skills:
 - Level 3.2 Fighting
 + Level 5.0 Axes
 - Level 3.2 Armour
 - Level 3.6 Shields


You had 4 spell levels left.
You didn't know any spells.
Your spell library was empty.

Dungeon Overview and Level Annotations

Branches:
Dungeon (2/15)

Altars:

Annotations:
D:2 Crazy Yiuf


Innate Abilities, Weirdness & Mutations

You cannot be hasted, slowed, berserked, paralysed or teleported.
You can dig through walls and to a lower floor.
You have a pair of large antennae on your head. (SInv)
Your four strong arms can wield two-handed weapons with a shield.


Message History

The fungus is lightly damaged.
You hit the fungus but do no damage. You slash the fungus!
The fungus is lightly damaged.
You hit the fungus.
The fungus begins to die.
You slash the fungus!
The fungus is lightly damaged.
You slash the fungus!
A nearby fungus withers and dies.
A nearby fungus withers and dies.
Found a mace.
Found a runed translucent door.
Crazy Yiuf cries, "Scoff!"
As you open the door, it creaks loudly!
You hit Crazy Yiuf but do no damage.
Crazy Yiuf hits you with a +4 quarterstaff of chaos.
Crazy Yiuf freezes you.
You slash Crazy Yiuf!
Crazy Yiuf is heavily wounded.
Crazy Yiuf closely misses you.
Crazy Yiuf screams, "Key!"
Crazy Yiuf closely misses you.
You barely miss Crazy Yiuf.
Crazy Yiuf is heavily wounded.
Crazy Yiuf screams, "Aardvark!"
Crazy Yiuf barely misses you.
You hit Crazy Yiuf.
Crazy Yiuf is heavily wounded.
You block Crazy Yiuf's attack.
You closely miss Crazy Yiuf.
Crazy Yiuf is heavily wounded.
Crazy Yiuf yells, "Lay water bag!"
Crazy Yiuf hits you with a +4 quarterstaff of chaos.
Crazy Yiuf freezes you.
You hit Crazy Yiuf.
Crazy Yiuf is severely wounded.
Crazy Yiuf hits you with a +4 quarterstaff of chaos!
Crazy Yiuf burns you.
Crazy Yiuf hits you with a +4 quarterstaff of chaos!
* * * LOW HITPOINT WARNING * * *
Crazy Yiuf freezes you.
You die...

#....####.##..##...#
#....# #......#...#
#...## #..#...#....
#...# #..#.#.....#
##.## #...........
#.## #....#..#..#
##.# #.####..#..#
#.## #..###......
##@# #..........#
#g# #..........# ...
#........... #...#
#.........#. #..)#
#........... #####
#..)..##....
#...####..##
#####.....##).##
#.........#.).).


You could see Crazy Yiuf.

Vanquished Creatures
  Jessica (D:2)
  Robin (D:2)
  2 adders (D:2)
  3 ball pythons
  An endoplasm (D:2)
  3 giant cockroaches
  12 goblins
  9 hobgoblins
  8 jackals
  A quokka (D:1)
  2 bats
  2 frilled lizards (D:1)
  3 kobolds
  4 rats
52 creatures vanquished.

Vanquished Creatures (others)
  5 fungi (D:2)
5 creatures vanquished.

Grand Total: 57 creatures vanquished

Notes
Turn   | Place    | Note
-------+----------+-------------------------------------------
     0 | D:1      | Remcycle the Formicid Fighter began the quest for the Orb.
     0 | D:1      | Reached XP level 1. HP: 18/18 MP: 1/1
   150 | D:1      | Reached XP level 2. HP: 21/24 MP: 2/2
   373 | D:1      | Reached skill level 3 in Axes
   544 | D:1      | Reached XP level 3. HP: 29/29 MP: 3/3
  1165 | D:2      | Reached skill level 4 in Axes
  1165 | D:2      | Reached XP level 4. HP: 35/35 MP: 4/4
  1265 | D:2      | Found a faded altar of an unknown god.
  1282 | D:2      | Noticed Robin
  1286 | D:2      | Noticed Jessica
  1293 | D:2      | Killed Robin
  1305 | D:2      | Killed Jessica
  1306 | D:2      | Reached XP level 5. HP: 3/41 MP: 5/5
  1724 | D:2      | Reached skill level 5 in Axes
  1872 | D:2      | Found a runed translucent door.
  1873 | D:2      | Noticed Crazy Yiuf
  1882 | D:2      | HP: 2/41 [Crazy Yiuf (11)]
  1882 | D:2      | Slain by Crazy Yiuf

Illustrated notes

Levels and vault maps discovered:
D:1:      evilmike_arrival_plus, layout_loops_ring
D:2:      layout_rooms, hellmonk_ecumenical_altar_run_dry,
          uniq_crazy_yiuf_cottage, uniq_jessica, uniq_robin

Skill      XL: |  1  2  3  4  5 |
---------------+----------------+-----
Axes           | 3 4 5 |  5.0
Fighting       | |  3.2
Armour         | |  3.2
Shields        | |  3.6

Action                   |  1- 3 |  4- 6 || total
-------------------------+-------+-------++-------
Melee: War axe           |   103 |    61 ||   164
  Use: Potion            |       |     1 ||     1
Armor: Scale mail        |    45 |    25 ||    70
Dodge: Dodged            |    42 |    33 ||    75
Block: Buckler           |    29 |    11 ||    40

Table legend: (Time is in decaauts)
 A = Elapsed time spent in this place.
 B = Non-inter-level travel time spent in this place.
 C = Inter-level travel time spent in this place.
 D = Time resting spent in this place.
 E = Time spent auto-exploring this place.
 F = Levels seen in this place.
 G = Mean time per level.
                   A        B        C        D        E       F      G
               +--------+--------+--------+--------+--------+-----+--------+
         Total |   1934 |   1927 |      7 |    465 |   1100 |   2 |  967.0 |
       Dungeon |   1934 |   1927 |      7 |    465 |   1100 |   2 |  967.0 |
               +--------+--------+--------+--------+--------+-----+--------+

Top non-repeatable levels by time:
     D:2: 1058 daAuts
     D:1: 875 daAuts
